AoeStats
← Divigofo

Four Lakes

509158041Analyzed
1v1 RM · 5d ago on Sep 25, 2026· 29m 20s· 2 players
Game mode
Random Map
Map size
Tiny (2 player)
Population
200
Speed
Normal
Resources
Standard
Victory
Conquest
Starting age
Dark Age
Ending age
Imperial Age
RankedLock teamsTeams togetherTeam positionsShared explorationLock speedFull tech treeHidden civsTurbo modeCheats
Victory
Defeat
🇨🇷 Mongols · Costa Rica
1131
+15
🇬🇵 Sicilians · Guadeloupe
1101
-15
axel_le_g
7:55 Loom
10:42 Feudal Age
11:11 Double-Bit Axe
16:38 Forging
20:45 Castle Age
21:40 Fletching
23:06 Bloodlines
24:38 Scale Barding Armor
25:31 Wheelbarrow
29:28 Chain Barding Armor
Divigofo
11:37 Feudal Age
12:38 Loom
15:19 Castle Age
14:08 Double-Bit Axe
19:02 Fletching
19:48 Bodkin Arrow
23:09 Gold Mining
24:51 Wheelbarrow
24:02 Town Watch
29:23 Fervor
Connection lost

Rejoining the realm…

Still unreachable

The connection could not be restored.

Session expired

The server has moved on; the page needs a fresh start.